 Dungeon Crawl Stone Soup version 0.21.1-1-g345015fe64 (webtiles) character file.

9527 Zedrix the Grappler (level 11, -4/100 HPs)
             Began as a Troll Fighter on Mar 12, 2018.
             Was a Believer of the Shining One.
             Slain by an eight-headed hydra (6 damage)
             ... on level 2 of the Lair of Beasts on Mar 13, 2018.
             The game lasted 01:10:37 (7131 turns).

Zedrix the Grappler (Troll Fighter)                 Turns: 7131, Time: 01:10:38

Health: -4/100     AC:  6    Str: 28    XL:     11   Next: 24%
Magic:  11/11      EV: 14    Int:  4    God:    the Shining One [**....]
Gold:   582        SH: 11    Dex: 10    Spells: 10/10 levels left

rFire    . . .     SeeInvis .   k - +4 spear (venom)
rCold    . . .     Gourm    +   b - +0 shield
rNeg     + . .     Faith    .   H - +1 robe {MR+}
rPois    .         Spirit   .   (helmet restricted)
rElec    .         Reflect  .   (no cloak)
rCorr    .         Harm     .   (gloves unavailable)
MR       +....                  (boots unavailable)
Stlth    +.........             (no amulet)
HPRegen  0.66/turn              e - ring of flight
MPRegen  0.12/turn              r - +3 ring of evasion

@: glowing
A: large, unfitting armour, claws 3, fast metabolism 3, gourmand, regeneration
1, shaggy fur 1, tough skin 2
a: Divine Shield, Renounce Religion, Evoke Flight


You were on level 2 of the Lair of Beasts.
You worshipped the Shining One.
The Shining One was pleased with you.
You were not hungry.

You visited 2 branches of the dungeon, and saw 12 of its levels.

You collected 582 gold pieces.

Inventory:

Hand Weapons
 k - a +4 spear of venom (weapon)
 n - a +4 hand axe
 p - a +1 dagger of distortion
 u - a +0 scythe
 E - a +2 dagger of speed
 I - a +0 falchion
 J - a +0 shortbow
 N - a +0 fustibalus
 T - a +0 dagger of venom
Missiles
 B - 6 tomahawks of dispersal (quivered)
Armour
 a - a +0 robe
 b - a +0 shield (worn)
 v - a +1 robe of positive energy
 H - a +1 robe of magic resistance (worn)
Jewellery
 e - a ring of flight (left claw)
 g - an uncursed ring of resist corrosion
 j - an uncursed ring of wizardry
 r - a +3 ring of evasion (right claw)
 P - an uncursed ring of ice
Wands
 m - a wand of iceblast (9)
 q - a wand of digging (14)
 t - a wand of disintegration (3)
 M - a wand of acid (6)
 Q - a wand of enslavement (12)
 U - a wand of flame (74)
Scrolls
 c - 2 scrolls of amnesia {unknown}
 f - a scroll of enchant armour {unknown}
 w - 5 scrolls of remove curse
 x - a scroll of blinking {unknown}
 y - 5 scrolls of teleportation
 z - a scroll of identify
 A - 2 scrolls of enchant weapon
 K - a scroll of magic mapping {unknown}
 S - a scroll of immolation {unknown}
Potions
 h - a potion of invisibility
 i - a potion of lignification {unknown}
 l - a potion of resistance
 o - a potion of heal wounds {unknown}
 s - a potion of berserk rage
 F - 2 potions of agility {unknown}
 G - 2 potions of haste
 L - 2 potions of brilliance
 R - a potion of curing {unknown}
Comestibles
 d - 9 rations


   Skills:
 + Level 4.1 Fighting
 + Level 2.5 Polearms
 + Level 0.2 Throwing
 + Level 6.2 Dodging
 + Level 1.2 Stealth
 + Level 7.0 Shields
 + Level 12.6 Unarmed Combat
 + Level 1.6 Invocations
 + Level 0.9 Evocations


You had 10 spell levels left.
You didn't know any spells.

Dungeon Overview and Level Annotations

Branches:
Dungeon (10/15)              Lair (2/6) D:9
 Temple: D:4-7        Swamp: Lair:2-4    Shoals: Lair:2-4     Snake: Lair:2-4
 Spider: Lair:2-4       Orc: D:9-12

Altars:
Ashenzari
Elyvilon
Fedhas
Gozag
Hepliaklqana
Ru
Sif Muna
Vehumet
Wu Jian
Zin
The Shining One


Innate Abilities, Weirdness & Mutations

You are too large for most types of armour.
You have claws for hands.
Your metabolism is lightning-fast.
You like to eat raw meat.
Your natural rate of healing is unusually fast.
You are covered in fur. (AC +1)
You have very tough skin. (AC +2)


Message History

The eight-headed hydra bites you! The eight-headed hydra misses you.
The eight-headed hydra bites you!
* * * LOW HITPOINT WARNING * * *
The eight-headed hydra closely misses you.
You block the eight-headed hydra's attack.
The eight-headed hydra bites you.
* * * LOW HITPOINT WARNING * * *
Found a bubbling inky potion.
As you read the scroll of fear, it crumbles to dust.
You assume a fearsome visage.
The eight-headed hydra resists with almost no effort.
The six-headed hydra easily resists.
The six-headed hydra bites you!
* * * LOW HITPOINT WARNING * * *
The six-headed hydra bites you.
* * * LOW HITPOINT WARNING * * *
The six-headed hydra completely misses you.
You block the six-headed hydra's attack. x2
The six-headed hydra closely misses you.
The eight-headed hydra bites you.
You die...

!.....####.##
.............
.............#
.............#
............P#
............##
.............##P#
........D@.......
.....
.........D.......
.....
................. ....
##......P.##..### #..P
#####..### .##
##..#### ##.### #
##...##P######...##.#
#.#...................
......................


You could see an eight-headed hydra and a six-headed hydra.

Vanquished Creatures
  A black mamba (Lair:1)
  A spiny frog (Lair:1)
  3 komodo dragons (Lair:1)
  The ghost of HooM the Chopper, an amateur HOFi (D:4)
  A hornet (D:7)
  5 blink frogs (Lair:1)
  2 hippogriffs (D:8)
  Sigmund (D:2)
  18 yaks
  2 water moccasins (Lair:1)
  7 porcupines (Lair:1)
  2 ice beasts (D:5)
  3 phantoms
  4 ogres
  An eye of draining (D:8)
  A centaur (D:6)
  8 bullfrogs
  A wyvern zombie (D:9)
  2 scorpions (D:6)
  4 killer bees (D:7)
  2 crimson imps
  A gnoll shaman (D:5)
  6 hounds
  5 orc wizards
  A bullfrog skeleton (D:9)
  3 orc priests
  A centaur skeleton (D:5)
  Jessica (D:3)
  An iguana (D:7)
  5 worker ants
  A statue (D:9)
  5 gnolls
  12 adders
  An ooze (D:3)
  5 worms (D:3)
  2 adder skeletons
  An adder zombie (D:5)
  2 dart slugs (D:2)
  2 leopard geckos
  27 orcs
  4 giant cockroaches
  8 goblins
  4 hobgoblins
  14 jackals
  3 quokkas
  5 bats
  7 frilled lizards
  7 kobolds
  7 rats
  A plant (Lair:1)
212 creatures vanquished.

Vanquished Creatures (others)
  2 fungi (Lair:1)
2 creatures vanquished.

Grand Total: 214 creatures vanquished

Notes
Turn   | Place    | Note
-------+----------+-------------------------------------------
     0 | D:1      | Zedrix the Troll Fighter began the quest for the Orb.
     0 | D:1      | Reached XP level 1. HP: 22/22 MP: 0/0
    96 | D:1      | Reached XP level 2. HP: 29/29 MP: 1/1
   481 | D:1      | Reached XP level 3. HP: 16/36 MP: 2/2
  1291 | D:2      | Found a white marble altar of Elyvilon.
  1292 | D:2      | Found an ornate altar of the Wu Jian Council.
  1294 | D:2      | Found a glowing silver altar of Zin.
  1294 | D:2      | Found a sacrificial altar of Ru.
  1294 | D:2      | Found a deep blue altar of Sif Muna.
  1296 | D:2      | Found a glowing golden altar of the Shining One.
  1296 | D:2      | Found an opulent altar of Gozag.
  1297 | D:2      | Found a blossoming altar of Fedhas.
  1329 | D:2      | Became a worshipper of the Shining One
  1517 | D:2      | Noticed Sigmund
  1532 | D:2      | HP: 1/36 [something (9)]
  1550 | D:2      | The Shining One protects you from harm!
  1575 | D:2      | HP: 1/36 [Sigmund/puff of flame (4)]
  1576 | D:2      | Killed Sigmund
  1576 | D:2      | Reached skill level 3 in Unarmed Combat
  1576 | D:2      | Reached XP level 4. HP: 2/44 MP: 3/3
  1576 | D:2      | Reached XP level 5. HP: 2/52 MP: 4/4
  2231 | D:3      | Reached skill level 4 in Unarmed Combat
  2231 | D:3      | Reached XP level 6. HP: 15/59 MP: 5/5
  2549 | D:3      | Noticed Jessica
  2562 | D:3      | Killed Jessica
  2617 | D:3      | Reached * piety under the Shining One
  2871 | D:4      | Reached skill level 5 in Unarmed Combat
  2871 | D:4      | Reached XP level 7. HP: 66/66 MP: 6/6
  3034 | D:4      | Noticed HooM's ghost (amateur HOFi)
  3059 | D:4      | Killed HooM's ghost
  3059 | D:4      | Reached skill level 6 in Unarmed Combat
  3344 | D:5      | Entered Level 5 of the Dungeon
  3576 | D:5      | Reached XP level 8. HP: 75/75 MP: 7/7
  3585 | D:5      | Reached skill level 7 in Unarmed Combat
  3628 | D:5      | Reached skill level 1 in Stealth
  3744 | D:5      | Reached ** piety under the Shining One
  3946 | D:6      | Reached skill level 8 in Unarmed Combat
  4155 | D:6      | Reached XP level 9. HP: 77/83 MP: 8/8
  4191 | D:6      | Reached skill level 9 in Unarmed Combat
  4588 | D:7      | Found a hazy altar of Hepliaklqana.
  4601 | D:7      | Reached skill level 5 in Shields
  4882 | D:8      | Reached skill level 10 in Unarmed Combat
  4887 | D:8      | Reached skill level 5 in Dodging
  5200 | D:9      | Found a shattered altar of Ashenzari.
  5249 | D:9      | Found a staircase to the Lair.
  5264 | Lair:1   | Entered Level 1 of the Lair of Beasts
  5265 | Lair:1   | Noticed a komodo dragon
  5272 | Lair:1   | Reached skill level 11 in Unarmed Combat
  5290 | Lair:1   | Killed a komodo dragon
  5290 | Lair:1   | Reached XP level 10. HP: 43/91 MP: 5/9
  5293 | Lair:1   | Reached skill level 1 in Invocations
  5515 | Lair:1   | Reached skill level 12 in Unarmed Combat
  5889 | D:10     | Entered Level 10 of the Dungeon
  5992 | D:9      | Found a radiant altar of Vehumet.
  6312 | Lair:1   | Noticed a six-headed hydra
  6323 | Lair:1   | HP: 3/92 [six-headed hydra (3)]
  6353 | Lair:1   | Reached XP level 11. HP: 12/98 MP: 8/11
  6720 | Lair:1   | Reached skill level 1 in Polearms
  7080 | Lair:2   | Noticed an eight-headed hydra
  7131 | Lair:2   | HP: 2/100 [six-headed hydra (4)]
  7131 | Lair:2   | Slain by an eight-headed hydra

Skill      XL: |  1  2  3  4  5  6  7  8  9 10 11 |
---------------+----------------------------------+-----
Shields        | 3 4 5 6 7 |  7.0
Dodging        | 3 4 5 6 |  6.2
Unarmed Combat | 3 4 5 6 8 11 12 | 12.6
Fighting       | 3 4 |  4.1
Stealth        | 1 |  1.2
Invocations    | 1 |  1.6
Polearms       | 2 |  2.5
Throwing       | |  0.2
Evocations     | |  0.9

Action                   |  1- 3 |  4- 6 |  7- 9 | 10-12 || total
-------------------------+-------+-------+-------+-------++-------
Melee: Unarmed           |   110 |    99 |   282 |    41 ||   532
       Spear             |       |       |       |   202 ||   202
Throw: Tomahawk          |       |     1 |       |       ||     1
Invok: Divine Shield     |       |       |     1 |     2 ||     3
Evoke: Wand              |     2 |     1 |     1 |     2 ||     6
  Use: Scroll            |     1 |     4 |     8 |     7 ||    20
       Potion            |       |       |     3 |     2 ||     5
 Stab: Sleeping          |     1 |       |       |       ||     1
  Eat: Chunk             |    10 |     5 |    17 |     9 ||    41
       Ration            |     1 |     1 |     2 |     3 ||     7
Armor: Robe              |    52 |    15 |    42 |    26 ||   135
Dodge: Dodged            |    46 |    35 |   104 |    89 ||   274
Block: Shield            |    71 |    41 |   119 |   106 ||   337
